 Dungeon Sprint DCSS version 0.19.5 (webtiles) character file.

26853 Groucho the Peltast (level 13, -3/201 HPs)
             Began as a Minotaur Fighter on May 16, 2017.
             Was the Champion of Makhleb.
             Slain by Kirke (5 damage)
             ... in the Dungeon (Sprint IX: "|||||||||||||||||||||||||||||").
             The game lasted 00:10:05 (4001 turns).

Groucho the Peltast (Minotaur Fighter)              Turns: 4001, Time: 00:10:06

Health: -3/201     AC:  0    Str: 29    XL:     13   Next: 1%
Magic:  12/12      EV: 21    Int:  5    God:    Makhleb [******]
Gold:   226        SH:  0    Dex: 12    Spells: 0 memorised, 12 levels left

rFire  . . .     SeeInvis .       - Unarmed
rCold  . . .     Gourm    .     (armour currently unavailable)
rNeg   . . .     Faith    .     (shield currently unavailable)
rPois  .         Spirit   .     (helmet currently unavailable)
rElec  .         Reflect  .     (cloak currently unavailable)
rCorr  .         Harm     .     (gloves currently unavailable)
MR     .....     NoTele   +     (boots currently unavailable)
Stlth  ..........               (no amulet)
                                (ring currently unavailable)
                                (ring currently unavailable)

@: berserking, pig-form, very quick
A: (retaliatory headbutt), (horns 0)
a: Minor Destruction, Lesser Servant of Makhleb, Major Destruction, Greater
Servant of Makhleb, Renounce Religion


You were in the Dungeon.
You worshipped Makhleb.
Makhleb was exalted by your worship.
You were completely stuffed.
You were a filthy swine.
You visited 1 branch You collected 1900 gold pieces.
You spent 1674 gold pieces at shops.

Inventory:

Hand Weapons
 a - a +1 demon whip of venom
 p - a +2 morningstar of protection
 M - a +3 broad axe (melded)
Missiles
 e - 7 javelins (quivered)
Armour
 c - a +0 shield (melded)
 o - a +1 pair of boots (melded)
 C - a +2 plate armour of cold resistance (melded)
 N - a +1 pair of gloves (melded)
Jewellery
 b - a +2 ring of evasion (melded)
 s - an uncursed ring of poison resistance
 t - a +2 ring of protection (melded)
 D - an uncursed ring of positive energy
 E - an uncursed ring of positive energy
 F - an uncursed ring of protection from fire
 G - an uncursed ring of resist corrosion
 H - an uncursed ring of protection from cold
 I - an uncursed ring of ice {unknown}
 L - an uncursed ring of protection from magic
Wands
 n - a wand of acid (3/15)
 K - a wand of polymorph (2/24)
Scrolls
 k - 4 scrolls of blinking
 l - 7 scrolls of remove curse
 m - 2 scrolls of amnesia
 q - a scroll of recharging
 w - 4 scrolls of enchant armour
 x - a scroll of fog
 y - a scroll of fear
Potions
 f - 2 potions of brilliance
 i - 4 potions of magic
 j - 5 potions of curing
 v - a potion of ambrosia
Comestibles
 h - a beef jerky
 z - 28 fruits
 A - 11 bread rations
 B - 12 meat rations


   Skills:
 * Level 18.2 Fighting
 * Level 18.1 Axes
 * Level 18.2 Armour
 + Level 10.9 Dodging
 * Level 18.3 Shields
 + Level 11.1 Unarmed Combat


You had 12 spell levels left.
You didn't know any spells.

Dungeon Overview and Level Annotations

Branches:
Dungeon (1/1)

Altars:
Cheibriados
Dithmenos
Elyvilon
Fedhas
Gozag
Hepliaklqana
Kikubaaqudgha
Makhleb
Nemelex Xobeh
Okawaru
Qazlal
Ru
Sif Muna
Trog
Uskayaw
Vehumet
Xom
Yredelemnul
Zin
The Shining One
Beogh
Jiyva
Lugonu

Shops:
D *==:

Annotations:
D Kirke


Innate Abilities, Weirdness & Mutations

((You reflexively headbutt those who attack you in melee.))
((You have a pair of horns on your head.))


Message History

Unknown command.
Quiver which item? (- for none, * to show all) (? for menu, Esc to quit)
Okay, then.
A red film seems to cover your vision as you go berserk!
You feel yourself moving faster!
You feel mighty! Something hits you!
* * * LOW HITPOINT WARNING * * *
The manticore bites you.
* * * LOW HITPOINT WARNING * * *
The manticore claws you!
* * * LOW HITPOINT WARNING * * *
The manticore misses you.
You bite something! Something hits you!
* * * LOW HITPOINT WARNING * * *
Unknown command.
You hit something. The manticore completely misses you.
The manticore claws you!
* * * LOW HITPOINT WARNING * * *
The manticore closely misses you.
You barely miss something. Something hits you.
You die...

....................▓
▓▓▓▓▓▓▓▓▓▓▓▓▓▓▓▓▓▓▓▓▓
∩.∩.∩.....'.........▓
▓▓▓▓▓▓▓▓▓▓▓▓▓▓▓▓▓▓▓.▓
....................▓
▓▓▓▓▓▓▓▓▓▓▓▓▓▓▓▓▓▓▓▓▓
..()......'.........▓
▓▓▓▓▓▓▓▓▓▓▓▓▓▓▓▓▓▓▓.▓
...hhh{hH..▓
▓▓▓▓▓▓▓▓▓▓▓▓


You could see a manticore and 3 hogs.

Vanquished Creatures
  A lich (D)
  3 stone giants (D)
  An ettin (D)
  A rakshasa (D)
  3 centaur warriors (D)
  A death knight (D)
  A tengu warrior (D)
  Urug (D)
  9 orc high priests (D)
  4 lindwurms (D)
  A hill giant (D)
  5 orc knights (D)
  A black mamba (D)
  3 spiny frogs (D)
  2 komodo dragons (D)
  A freezing wraith (D)
  3 tyrant leeches (D)
  A hippogriff (D)
  A wraith (D)
  2 hogs (D)
  Grum (D)
  4 water moccasins (D)
  13 orc warriors (D)
  An ogre (D)
  5 wolves (D)
  4 crocodiles (D)
  4 bullfrogs (D)
  A howler monkey (D)
  A wight (D)
  3 crimson imps (D)
  3 orc priests (D)
  A hound (D)
  3 orc wizards (D)
  2 adder skeletons (D)
  An adder zombie (D)
  A worm (D)
  A leopard gecko (D)
  8 orcs (D)
  3 hobgoblins (D)
  2 kobolds (D)
  A quokka skeleton (D)
108 creatures vanquished.

Vanquished Creatures (others)
  A spatial maelstrom (D)
  An unseen horror (D)
2 creatures vanquished.

Grand Total: 110 creatures vanquished

Notes
Turn   | Place    | Note
-------+----------+-------------------------------------------
     0 | D        | Groucho the Minotaur Fighter began the quest for the Orb.
     0 | D        | Reached XP level 1. HP: 19/19 MP: 0/0
     0 | D        | Banished a spatial maelstrom
   179 | D        | Noticed a howler monkey
   179 | D        | Noticed a crimson imp
   198 | D        | Killed a howler monkey
   198 | D        | Reached skill level 5 in Fighting
   198 | D        | Reached skill level 5 in Armour
   198 | D        | Reached skill level 5 in Shields
   198 | D        | Reached XP level 2. HP: 9/29 MP: 1/1
   198 | D        | Reached XP level 3. HP: 12/36 MP: 2/2
   203 | D        | Reached skill level 5 in Axes
   203 | D        | Reached XP level 4. HP: 15/44 MP: 3/3
   632 | D        | Found a roughly hewn altar of Beogh.
   632 | D        | Found a snail-covered altar of Cheibriados.
   632 | D        | Found a shadowy altar of Dithmenos.
   632 | D        | Found a white marble altar of Elyvilon.
   632 | D        | Found a blossoming altar of Fedhas.
   632 | D        | Found an opulent altar of Gozag.
   633 | D        | Found a hazy altar of Hepliaklqana.
   634 | D        | Found a viscous altar of Jiyva.
   635 | D        | Found an ancient bone altar of Kikubaaqudgha.
   636 | D        | Found a corrupted altar of Lugonu.
   637 | D        | Found a burning altar of Makhleb.
   638 | D        | Found a sparkling altar of Nemelex Xobeh.
   639 | D        | Found an iron altar of Okawaru.
   640 | D        | Found a stormy altar of Qazlal.
   641 | D        | Found a sacrificial altar of Ru.
   642 | D        | Found a deep blue altar of Sif Muna.
   643 | D        | Found a bloodstained altar of Trog.
   644 | D        | Found a hide-covered altar of Uskayaw.
   645 | D        | Found a radiant altar of Vehumet.
   646 | D        | Found a shimmering altar of Xom.
   647 | D        | Found a basalt altar of Yredelemnul.
   654 | D        | Found a glowing silver altar of Zin.
   655 | D        | Found a glowing golden altar of the Shining One.
   673 | D        | Became a worshipper of Makhleb the Destroyer
   732 | D        | Noticed a hill giant
   732 | D        | Noticed a bullfrog
   745 | D        | Killed a hill giant
   745 | D        | Reached * piety under Makhleb
   745 | D        | Reached XP level 5. HP: 28/58 MP: 4/4
   745 | D        | Reached XP level 6. HP: 32/66 MP: 5/5
   745 | D        | Reached XP level 7. HP: 35/71 MP: 6/6
   751 | D        | Reached skill level 10 in Fighting
   751 | D        | Reached skill level 10 in Armour
   751 | D        | Reached skill level 10 in Shields
   755 | D        | Reached ** piety under Makhleb
  1057 | D        | Noticed a centaur warrior
  1057 | D        | Noticed a centaur warrior
  1059 | D        | Reached skill level 10 in Axes
  1059 | D        | Reached skill level 1 in Dodging
  1059 | D        | Reached skill level 1 in Unarmed Combat
  1061 | D        | Killed an unseen horror
  1069 | D        | Killed a centaur warrior
  1069 | D        | Reached XP level 8. HP: 82/82 MP: 7/7
  1076 | D        | Killed a centaur warrior
  1076 | D        | Reached XP level 9. HP: 90/90 MP: 8/8
  1081 | D        | Reached *** piety under Makhleb
  1368 | D        | Noticed a spiny frog
  1368 | D        | Noticed a komodo dragon
  1379 | D        | Reached **** piety under Makhleb
  1387 | D        | Killed a spiny frog
  1387 | D        | Reached skill level 5 in Dodging
  1387 | D        | Reached skill level 5 in Unarmed Combat
  1396 | D        | Killed a komodo dragon
  1399 | D        | Reached ***** piety under Makhleb
  1410 | D        | Noticed a komodo dragon
  1417 | D        | Killed a komodo dragon
  1817 | D        | Noticed a spiny frog
  1817 | D        | Noticed a black mamba
  1817 | D        | Noticed a spiny frog
  1820 | D        | Killed a spiny frog
  1830 | D        | Killed a black mamba
  1830 | D        | Reached XP level 10. HP: 101/101 MP: 9/9
  1833 | D        | Killed a spiny frog
  1848 | D        | Reached ****** piety under Makhleb
  1859 | D        | Noticed a lindwurm
  1859 | D        | Noticed a lindwurm
  1864 | D        | Noticed a lindwurm
  1876 | D        | Noticed a lindwurm
  1891 | D        | Killed a lindwurm
  1906 | D        | Killed a lindwurm
  1910 | D        | Killed a lindwurm
  1917 | D        | Killed a lindwurm
  2293 | D        | Noticed Urug
  2308 | D        | Killed Urug
  2308 | D        | Reached XP level 11. HP: 95/111 MP: 10/10
  2386 | D        | Noticed an orc knight
  2391 | D        | Reached skill level 15 in Shields
  2414 | D        | Killed an orc knight
  2414 | D        | Reached skill level 15 in Armour
  2717 | D        | Reached skill level 15 in Fighting
  2730 | D        | Reached skill level 15 in Axes
  2824 | D        | Found Bunn's Assorted Antiques.
  2824 | D        | Noticed an orc high priest
  2824 | D        | Noticed an orc knight
  2824 | D        | Noticed an orc high priest
  2824 | D        | Noticed an orc high priest
  2824 | D        | Noticed an orc high priest
  2826 | D        | Noticed an orc knight
  2828 | D        | Killed an orc high priest
  2839 | D        | Killed an orc knight
  2840 | D        | Noticed a soul eater
  2845 | D        | Noticed an orc high priest
  2854 | D        | Killed an orc high priest
  2856 | D        | Killed an orc high priest
  2857 | D        | Found Mualac's Jewellery Shoppe.
  2857 | D        | Noticed an orc knight
  2862 | D        | Noticed a soul eater
  2864 | D        | Killed an orc high priest
  2868 | D        | Noticed an orc high priest
  2871 | D        | Noticed an orc high priest
  2876 | D        | Killed an orc knight
  2877 | D        | Found Kucuucwi's Jewellery Emporium.
  2880 | D        | Killed an orc high priest
  2889 | D        | Killed an orc knight
  2894 | D        | Found Iruniefo's Book Shoppe.
  2898 | D        | Killed an orc high priest
  2902 | D        | Noticed an orc high priest
  2907 | D        | Noticed an orc knight
  2909 | D        | Killed an orc high priest
  2912 | D        | Noticed an orc high priest
  2915 | D        | Killed an orc high priest
  2915 | D        | Reached XP level 12. HP: 123/124 MP: 11/11
  2933 | D        | Killed an orc high priest
  2995 | D        | Bought an uncursed ring of poison resistance for 220 gold pieces
  2995 | D        | Bought an uncursed ring of positive energy for 220 gold pieces
  2997 | D        | Bought an uncursed ring of positive energy for 200 gold pieces
  2997 | D        | Bought an uncursed ring of protection from fire for 250 gold pieces
  2997 | D        | Bought an uncursed ring of resist corrosion for 200 gold pieces
  2997 | D        | Bought an uncursed ring of protection from cold for 250 gold pieces
  3001 | D        | Bought a tubular iron ring for 125 gold pieces
  3001 | D        | Bought a fuming silvery potion for 22 gold pieces
  3001 | D        | Bought a scroll of blinking for 187 gold pieces
  3096 | D        | Noticed Grum
  3115 | D        | Killed Grum
  3352 | D        | Noticed a death knight
  3352 | D        | Noticed a tengu warrior
  3369 | D        | Noticed a stone giant
  3372 | D        | Killed a death knight
  3377 | D        | Noticed an ettin
  3381 | D        | Killed a tengu warrior
  3381 | D        | Reached skill level 10 in Unarmed Combat
  3382 | D        | Noticed a centaur warrior
  3396 | D        | Killed a stone giant
  3396 | D        | Reached skill level 10 in Dodging
  3404 | D        | Killed an ettin
  3408 | D        | Killed a centaur warrior
  3415 | D        | Noticed a stone giant
  3416 | D        | Noticed a stone giant
  3420 | D        | Noticed a rakshasa
  3421 | D        | Noticed a lich
  3427 | D        | Killed a stone giant
  3434 | D        | Killed a stone giant
  3443 | D        | Killed a lich
  3457 | D        | Paralysed by a lich for 5 turns
  3495 | D        | Killed a rakshasa
  3962 | D        | Noticed Kirke
  3968 | D        | Reached XP level 13. HP: 134/134 MP: 12/12
  4000 | D        | HP: 2/201 [manticore[Kirke] (12)]
  4001 | D        | Slain by Kirke

Skill      XL: |  1  2  3  4  5  6  7  8  9 10 11 12 |
---------------+-------------------------------------+-----
Fighting       | 5 6 9 11 12 13 14 16 18 | 18.2
Axes           | 4 5 9 11 13 14 16 18 | 18.1
Armour         | 5 6 9 11 12 13 14 16 18 | 18.2
Shields        | 5 6 9 11 12 13 14 16 18 | 18.3
Dodging        | 3 4 5 7 9 10 | 10.9
Unarmed Combat | 3 4 6 7 9 11 | 11.1

Action                   |  1- 3 |  4- 6 |  7- 9 | 10-12 | 13-15 || total
-------------------------+-------+-------+-------+-------+-------++-------
Melee: War axe           |    35 |    12 |    87 |   271 |       ||   405
       Headbutt          |     3 |     4 |    19 |   107 |       ||   133
       Broad axe         |       |       |       |   128 |     2 ||   130
       Unarmed           |       |       |       |    18 |    25 ||    43
Throw: Javelin           |       |       |       |     2 |       ||     2
Evoke: Wand              |       |       |       |     4 |       ||     4
  Use: Potion            |     3 |       |       |    12 |     5 ||    20
 Stab: Invisible         |       |       |       |     8 |       ||     8
  Eat: Bread ration      |       |       |     1 |     1 |       ||     2
       Fruit             |       |       |       |    12 |       ||    12
Armor: Scale mail        |     7 |     3 |    23 |    19 |       ||    52
       Plate armour      |       |       |       |    42 |       ||    42
Dodge: Dodged            |    12 |     2 |    16 |   107 |    13 ||   150
Block: Shield            |    15 |     2 |    37 |   138 |     1 ||   193
